 Dungeon Crawl Stone Soup version 0.27.1-34-g3ba077fa99 (webtiles) character file.

Game seed: 14751414241029704585

163 McKennaii the Skirmisher (level 5, -7/42 HPs)
             Began as a Demonspawn Fighter on Jan 15, 2022.
             Killed by nerve-wracking pain
             ... invoked by Jessica
              (11 damage)
             ... on level 2 of the Dungeon.
             The game lasted 00:03:35 (3033 turns).

McKennaii the Skirmisher (Demonspawn Fighter)       Turns: 3033, Time: 00:03:35

Health: -7/42      AC:  8    Str: 17 (18) XL:     5   Next: 20%
Magic:  5/5        EV:  7    Int:  6 (9)  God:
Gold:   81         SH:  8    Dex:  9 (12) Spells: 4/4 levels left

rFire    . . .     SeeInvis .   a - +0 trident
rCold    . . .     Faith    .   c - +0 kite shield
rNeg     . . .     Spirit   .   b - +0 scale mail
rPois    .         Reflect  .   g - +0 helmet
rElec    .         Harm     .   (no cloak)
rCorr    .         Rampage  .   (no gloves)
Will     .....                  (no boots)
Stlth    ..........             (no amulet)
HPRegen  0.14/turn              (no ring)
MPRegen  0.09/turn              (no ring)

@: weak-willed, slowed, very slow
A: talons 1, ignite blood 2
a: no special abilities


You were on level 2 of the Dungeon.
You visited 1 branch of the dungeon, and saw 3 of its levels.

You collected 81 gold pieces.

Inventory:

Hand Weapons
 a - a +0 trident (weapon)
Armour
 b - a +0 scale mail (worn)
 c - a +0 kite shield (worn)
 g - a +0 helmet (worn)
Scrolls
 e - a scroll of vulnerability
 f - 2 scrolls of enchant armour {unknown}
 h - a scroll of identify {unknown}
 i - 2 scrolls of teleportation {unknown}
 k - a scroll of magic mapping {unknown}
Potions
 d - a potion of might


   Skills:
 + Level 3.8 Fighting
 * Level 3.3 Polearms
 + Level 3.3 Armour
 + Level 3.4 Shields


You had 4 spell levels left.
You didn't know any spells.
Your spell library was empty.

Dungeon Overview and Level Annotations

Branches:
Dungeon (3/15)

Altars:
Makhleb
Qazlal

Annotations:
D:2 Jessica
D:3 Sigmund


Innate Abilities, Weirdness & Mutations

You have sharp toenails.
Your demonic aura often causes spilled blood to erupt in flames.


Message History

A puff of flame appears from out of thin air!
You block the puff of flame.
You barely miss Jessica. Your kick misses Jessica.
Jessica is moderately wounded.
You block Jessica's attack.
A magic dart appears from out of thin air!
The magic dart hits you! You block Jessica's attack.
You hit Jessica but do no damage.
Jessica is moderately wounded.
Jessica hits you with a +0 club. Something hits you but does no damage.
You block Jessica's attack.
You hear some strange, mumbled words.
You are confused.
You barely miss Jessica.
Jessica is moderately wounded.
Jessica casts a spell.
Jessica blinks!
Something hits you but does no damage. Jessica casts a spell at you.
You resist with some effort.
You hear some strange, mumbled words.
A puff of flame appears from out of thin air!
The puff of flame hits you!
* * * LOW HITPOINT WARNING * * *
It was a potion of degeneration.
There was something very wrong with that liquid.
You feel weakened.
You feel dopey.
You feel clumsy.
Jessica gestures wildly while chanting.
Jessica seems to speed up.
Something hits you but does no damage.
You miss something. Your kick misses something.
You feel less confused. Something hits you.
* * * LOW HITPOINT WARNING * * *
Jessica grins evilly.
Jessica casts a spell.
Jessica blinks!
Something hits you but does no damage.
As you read the scroll labelled FENU ET IM WUSS, it crumbles to dust.
Magic quickly surges around you.
It was a scroll of vulnerability.
Jessica points at you and mumbles some strange words.
Pain shoots through your body!
You die...

# #..#######.# .#. #..
#####.########
...##..###............#
#.....†...##..##.###.#
......@.####..##.# #.#
#.##.....###..##.# #.#
##.........##.# #.#
##.#####.###.# #.# #@#
#.###.###)# #{#
#.........# #'#
#####.##### ... #.#
..... #.# ....... ##.##
.........####...#####
+.........+...........
#.........####...#####


You could see Jessica (fast, weak-willed).

Vanquished Creatures
  Natasha (twice) (D:2)
  Robin (D:3)
  An adder (D:2)
  2 worms (D:2)
  4 orcs
  10 ball pythons
  4 bats
  5 endoplasms
  3 giant cockroaches
  13 goblins
  13 hobgoblins
  4 jackals (D:3)
  A quokka (D:2)
  3 frilled lizards
  4 kobolds
  6 rats
76 creatures vanquished.

Notes
Turn   | Place    | Note
-------+----------+-------------------------------------------
     0 | D:1      | McKennaii the Demonspawn Fighter began the quest for the
                  | Orb.
     0 | D:1      | Reached XP level 1. HP: 18/18 MP: 1/1
   217 | D:1      | Gained mutation: Your demonic aura sometimes causes spilled
                  | blood to erupt in flames. [demonic ancestry]
   217 | D:1      | Reached XP level 2. HP: 7/24 MP: 2/2
   617 | D:1      | You fall into a shaft and drop 1 floor!
   989 | D:3      | Gained mutation: Your demonic aura often causes spilled
                  | blood to erupt in flames. [demonic ancestry]
   989 | D:3      | Reached XP level 3. HP: 29/29 MP: 3/3
  1083 | D:3      | Found a stormy altar of Qazlal.
  1090 | D:3      | Noticed Robin
  1131 | D:3      | Found a burning altar of Makhleb.
  1294 | D:3      | Noticed Sigmund
  1372 | D:3      | Killed Robin
  1390 | D:3      | Gained mutation: You have sharp toenails. [demonic
                  | ancestry]
  1390 | D:3      | Reached XP level 4. HP: 30/35 MP: 4/4
  1866 | D:2      | Noticed Natasha
  1873 | D:2      | Killed Natasha
  2631 | D:2      | Noticed Natasha
  2653 | D:2      | Killed Natasha
  2654 | D:2      | Reached XP level 5. HP: 35/42 MP: 5/5
  3020 | D:2      | Noticed Jessica
  3033 | D:2      | Killed from afar by Jessica

Illustrated notes

Levels and vault maps discovered:
D:1:      dpeg_arrival_court, layout_basic, minmay_hedge_maze
D:2:      layout_loops_corners, uniq_jessica, uniq_natasha
D:3:      layout_basic, mainiacjoe_overflow_surrounded_room, lemuel_round_altar,
          uniq_sigmund, uniq_robin

Skill      XL: |  1  2  3  4 |
---------------+-------------+-----
Polearms       | 2 3 |  3.3
Armour         | 3 |  3.3
Shields        | 3 |  3.4
Fighting       | |  3.8

Action                   |  1- 3 |  4- 6 || total
-------------------------+-------+-------++-------
Melee: Trident           |   113 |   105 ||   218
       Kick              |       |    21 ||    21
  Use: Scroll            |       |     1 ||     1
       Potion            |       |     1 ||     1
Armor: Scale mail        |    42 |    31 ||    73
Dodge: Dodged            |    28 |    26 ||    54
Block: Kite shield       |    71 |    38 ||   109
